 Dungeon Crawl Stone Soup version 0.28-a0-1227-ga9037bb4c8 (webtiles) character file.

Game seed: 15735014044124244217

18888 sanka the Blocker (level 12, -2/105 HPs)
             Began as a Gnoll Fighter on Dec 22, 2021.
             Was a Priest of Ashenzari.
             Slain by a boulder beetle (20 damage)
             ... on level 2 of the Lair of Beasts.
             The game lasted 00:28:05 (18324 turns).

sanka the Blocker (Gnoll Fighter)                  Turns: 18324, Time: 00:28:06

Health: -2/105     AC: 27    Str: 18    XL:     12   Next: 63%
Magic:  22/26      EV:  8    Int:  9    God:    Ashenzari [***...]
Gold:   902        SH:  0    Dex: 13    Spells: 27/32 levels left

rFire   . . .      SeeInvis +   G - +3 great sword
rCold   . . .      Faith    .   (shield currently unavailable)
rNeg    . . .      Spirit   .   p - +3 plate armour of Ashenzari's Stickiness {Range, Comp} (curse)
rPois   .          Reflect  .   n - +0 helmet "Ruined Adversity" {Self, Elem} (curse)
rElec   .          Harm     .   (no cloak)
rCorr   .          Rampage  .   I - +0 pair of gloves
Will    .....      Clarity  +   B - +0 pair of boots "Share My Anarchy" {Elem, Alch} (curse)
Stlth   ..........              q - amulet of the acrobat
HPRegen 0.27/turn               o - ring of Ashenzari's Seeker {AC+4, Alch, Self} (curse)
MPRegen 0.20/turn               M - ring "Oscillating Fan" {Wiz, Fort, Elem} (curse)

@: freezing walls
A: fangs 1, strong nose, distributed training
a: Renounce Religion, Shatter the Chains


You were on level 2 of the Lair of Beasts.
You worshipped Ashenzari.
Ashenzari was most pleased with you.
You visited 3 branches of the dungeon, and saw 14 of its levels.
You also visited: Ossuary.

You collected 902 gold pieces.


Innate Abilities, Weirdness & Mutations

You have very sharp teeth.
Your uncanny sense of smell can sniff out nearby items.
Your experience applies equally to all skills.


   Skills:
 + Level 10.0(13.0) Fighting
 + Level 7.4 Short Blades
 + Level 8.8 Long Blades
 + Level 7.4 Axes
 + Level 7.4 Maces & Flails
 + Level 7.4 Polearms
 + Level 7.4 Staves
 + Level 7.4(9.4) Slings
 + Level 7.4(9.4) Bows
 + Level 7.4(9.4) Crossbows
 + Level 7.4(9.4) Throwing
 + Level 10.0(11.9) Armour
 + Level 7.4 Dodging
 + Level 7.4 Stealth
 + Level 10.0(11.9) Shields
 + Level 7.4 Unarmed Combat
 + Level 7.4(10.5) Spellcasting
 + Level 6.2 Conjurations
 + Level 6.2 Hexes
 + Level 6.2(8.1) Summonings
 + Level 6.2(8.1) Necromancy
 + Level 6.2 Translocations
 + Level 6.2(9.2) Transmutations
 + Level 6.2(10.1) Fire Magic
 + Level 6.2(10.1) Ice Magic
 + Level 6.2(10.1) Air Magic
 + Level 6.2(10.1) Earth Magic
 + Level 6.2(9.2) Poison Magic
 + Level 8.2 Invocations
 + Level 7.4 Evocations


You had 27 spell levels left.
You knew the following spells:

 Your Spells              Type           Power      Damage    Failure   Level
u - Poisonous Vapours     Pois/Air       44%        N/A       3%          2
y - Frozen Ramparts       Ice            44%        1d6       4%          3

Your spell library contained the following spells:

 Spells                   Type           Power      Damage    Failure   Level
 Sting                    Tmut/Pois      84%        1d7       2%          1
 Wereblood                Tmut           21%        N/A       3%          2
 Foxfire                  Conj/Fire      76%        2x1d7     4%          1
 Corpse Rot               Necr/Air       42%        N/A       4%          2
 Sublimation of Blood     Necr           19%        N/A       6%          2
 Call Canine Familiar     Summ           19%        N/A       12%         3
 Conjure Flame            Conj/Fire      19%        6-21      12%         3
 Inner Flame              Hex/Fire       19%        N/A       12%         3
 Ice Form                 Ice/Tmut       22%        N/A       21%         4
 Portal Projectile        Hex/Tloc       30%        N/A       24%         3
 Olgreb's Toxic Radiance  Pois           21%        N/A       24%         4
 Summon Ice Beast         Ice/Summ       21%        N/A       24%         4
 Flame Wave               Conj/Fire      19%        2d5       34%         4
 Hailstorm                Conj/Ice       19%        3d6       34%         4
 Leda's Liquefaction      Hex/Erth       9%         N/A       34%         4
 Blade Hands              Tmut           10%        N/A       52%         5
 Irradiate                Conj/Tmut      9%         3d16      73%         5
 Summon Forest            Summ/Tloc      8%         N/A       80%         5
 Summon Mana Viper        Hex/Summ       17%        N/A       80%         5
 Simulacrum               Ice/Necr       10%        N/A       97%         6
 Summon Cactus Giant      Summ           9%         N/A       99%         6
 Dragon Form              Tmut           10%        N/A       100%        7
 Summon Hydra             Summ           9%         N/A       100%        7

Inventory:

Hand Weapons
 a - a +0 long sword
 G - a +3 great sword (weapon)
 H - a +2 falchion of electrocution
Armour
 h - +0 fire dragon scales
 n - the cursed +0 helmet "Ruined Adversity" (worn) {Self, Elem}

   It has a curse which improves the following skills: Introspection: Fighting
   and Spellcasting.
   Elements:  Fire Magic, Ice Magic, Air Magic and Earth Magic.
 p - the cursed +3 plate armour of Ashenzari's Stickiness (worn) {Range, Comp}

   It has a curse which improves the following skills: Ranged Combat: Slings,
   Bows, Crossbows and Throwing.
   Companions: Summonings and Necromancy.
 B - the cursed +0 pair of boots "Share My Anarchy" (worn) {Elem, Alch}

   It has a curse which improves the following skills: Elements: Fire Magic, Ice
   Magic, Air Magic and Earth Magic.
   Alchemy:   Poison Magic and Transmutations.
 I - a +0 pair of gloves (worn)
Magical Staves
 P - a staff of poison
Jewellery
 l - a ring of ice
 o - the cursed ring of Ashenzari's Seeker (left hand) {AC+4, Alch, Self}

   [ring of protection]

   AC:        It affects your AC (+4).
   It has a curse which improves the following skills: Alchemy: Poison Magic and
   Transmutations.
   Introspection: Fighting and Spellcasting.
 q - an amulet of the acrobat (around neck)
 M - the cursed ring "Oscillating Fan" (right hand) {Wiz, Fort, Elem}

   [ring of wizardry]

   It improves your spell success rate.
   It has a curse which improves the following skills: Fortitude: Armour and
   Shields.
   Elements:  Fire Magic, Ice Magic, Air Magic and Earth Magic.
 Q - a ring of magical power
Wands
 v - a wand of mindburst (6)
 y - a wand of polymorph (5)
 F - a wand of charming (8)
 R - a wand of iceblast (2)
 S - a wand of flame (4)
Scrolls
 i - 3 scrolls of teleportation {@r4}
 s - a scroll of enchant weapon
 t - 2 scrolls of fear
 z - 3 scrolls of magic mapping
 C - 3 scrolls of blinking
 E - a scroll of enchant armour
 K - a scroll of brand weapon
 L - a scroll of fog
 N - 2 scrolls of identify {@r1}
 O - a scroll of vulnerability {!r}
Potions
 c - 2 potions of magic
 d - 2 potions of might
 e - a potion of resistance
 f - 3 potions of curing {@q1}
 g - 4 potions of brilliance
 j - 4 potions of lignification {!q}
 k - 6 potions of mutation {!q}
 u - 2 potions of degeneration {!q}
 w - a potion of flight
 x - a potion of attraction {!q}
 A - 6 potions of heal wounds {@q2}
 D - 3 potions of ambrosia

Dungeon Overview and Level Annotations

Branches:
Dungeon (11/15)            Temple (1/1) D:7            Lair (2/6) D:9
    Orc (0/2) D:10        Ossuary (visited)
  Swamp: Lair:2-4    Shoals: Lair:2-4     Snake: Lair:2-4    Spider: Lair:2-4

Altars:
Ashenzari
Cheibriados
Dithmenos
Elyvilon
Fedhas
Gozag
Hepliaklqana
Kikubaaqudgha
Makhleb
Nemelex Xobeh
Okawaru
Qazlal
Ru
Sif Muna
Trog
Uskayaw
Vehumet
Wu Jian
Xom
Yredelemnul
Zin
The Shining One

Shops:
D:6 (

Portals:
Trove: D:10 (show abyssal rune of Zot)

▒..?........▒ ,,,
▒...........+ ,,
▒............ ,
▒▒▒▒..▒▒▒▒▒.▒ , ,
▒f.▒ ░ , ▒..▒▒ >
▒▒..▒▒▒ ▒▒B▒.▒▒
▒▒▒▒g.▒.P▒.▒▒
▒▒..
▒...........▒░
▒...
▒▒..<.........
▒▒..l
▒......[.....,
....
▒P............,,,
)..
▒........£...f, ,
.. ▒............▒
░▒▒+▒.
▒▒.......(...▒
▒...!
░.▒▒.▒.▒..P▒▒▒
▒▒...


You could see a boulder beetle.


Message History

The boulder beetle is moderately wounded.
The wall freezes the boulder beetle.
The boulder beetle barely misses you.
You hit the boulder beetle but do no damage.
The boulder beetle is moderately wounded.
The wall freezes the boulder beetle.
The boulder beetle barely misses you.
The wall freezes the boulder beetle.
The boulder beetle bites you but does no damage.
You slash the boulder beetle!
The boulder beetle is heavily wounded.
The frozen ramparts melt away.
The boulder beetle bites you.
* * * LOW HITPOINT WARNING * * *
You hit the boulder beetle.
The boulder beetle is heavily wounded.
The boulder beetle bites you!
* * * LOW HITPOINT WARNING * * *
Okay, then.
You don't know that spell.
The walls around you are covered in ice.
The wall freezes the boulder beetle.
The boulder beetle bites you but does no damage.
Unknown command.
You slash the boulder beetle! You bite the boulder beetle.
The boulder beetle is severely wounded.
The wall freezes the boulder beetle.
The boulder beetle bites you!!
You die...

Action                   |  1- 3 |  4- 6 |  7- 9 | 10-12 || total
-------------------------+-------+-------+-------+-------++-------
Melee: Long sword        |    77 |   176 |   477 |       ||   730
       Bite              |     9 |    16 |    65 |   103 ||   193
       Unarmed           |       |       |     6 |       ||     6
       Great sword       |       |       |    46 |   687 ||   733
       Falchion          |       |       |       |    28 ||    28
       Punch             |       |       |       |     2 ||     2
 Cast: Frozen Ramparts   |       |       |       |     3 ||     3
Invok: Curse Item        |       |       |       |     5 ||     5
Evoke: Wand              |       |       |     2 |     6 ||     8
  Use: Scroll            |       |       |     7 |     1 ||     8
       Potion            |       |       |       |     4 ||     4
 Stab: Confused          |       |       |       |     1 ||     1
Armor: Scale mail        |    29 |       |       |       ||    29
       Fire dragon scale |     5 |    72 |       |       ||    77
       Plate armour      |       |    13 |   342 |   589 ||   944
Dodge: Dodged            |    40 |    77 |   207 |   324 ||   648
Block: Buckler           |    14 |    74 |   210 |       ||   298

Levels and vault maps discovered:
D:1:      wander_arrival_lonely_grave, layout_basic
D:2:      layout_rooms, basic_altar, hellmonk_ecumenical_altar_watching_god,
          uniq_natasha, uniq_robin, uniq_sigmund
D:3:      layout_basic, nicolae_yredelemnul_corpse_copse,
          hangedman_decor_peaks_small, lemuel_old_faithful
D:4:      layout_layer_cave, minmay_cupped, uniq_blork_the_orc
D:5:      layout_cave_pools, serial_park, serial_park_square2,
          serial_park_tiny_2, serial_park_tiny_1, serial_park_square1
          [serial_park_minivault_5x5_2], serial_park_tiny_2, uniq_edmund
D:6:      minmay_bubble_buster, layout_basic, chequers_ossuary_entry_cave,
          serial_shops, shop_fountains
D:7:      layout_basic, minmay_temple_entry_junction
D:8:      layout_basic
D:9:      layout_roguey, mainiacjoe_overflow_cross_hatched, erik_lair_dragon,
          uniq_joseph
D:10:     layout_stronghold, nicolae_trove_entry_columns, minmay_quadrilaterals
D:11:     layout_loops_cross, uniq_gastronok
Temple:   mainiacjoe_temple_cubbyholes
Lair:1:   layout_cave_pods
Lair:2:   layout_roguey, portal_ice_cave_entry_pillars_2, serial_bayou_shore_b,
          infiniplex_staircase_pool_2, grunt_megastairs_3, uniq_sonja

Notes
Turn   | Place    | Note
-------+----------+-------------------------------------------
     0 | D:1      | sanka the Gnoll Fighter began the quest for the Orb.
     0 | D:1      | Reached XP level 1. HP: 23/23 MP: 1/1
   204 | D:1      | Reached XP level 2. HP: 29/29 MP: 2/2
   269 | D:1      | Identified +0 fire dragon scales
   536 | D:1      | Reached XP level 3. HP: 35/35 MP: 3/3
   804 | D:1      | Reached skill level 1 in Invocations
   889 | D:1      | Reached skill level 1 in Short Blades
   889 | D:1      | Reached skill level 1 in Axes
   889 | D:1      | Reached skill level 1 in Maces & Flails
   889 | D:1      | Reached skill level 1 in Polearms
   889 | D:1      | Reached skill level 1 in Staves
   889 | D:1      | Reached skill level 1 in Slings
   889 | D:1      | Reached skill level 1 in Bows
   889 | D:1      | Reached skill level 1 in Crossbows
   889 | D:1      | Reached skill level 1 in Throwing
   889 | D:1      | Reached skill level 1 in Dodging
   889 | D:1      | Reached skill level 1 in Stealth
   889 | D:1      | Reached skill level 1 in Unarmed Combat
   889 | D:1      | Reached skill level 1 in Spellcasting
   889 | D:1      | Reached skill level 1 in Evocations
   961 | D:2      | Reached XP level 4. HP: 40/41 MP: 5/5
  1010 | D:2      | Noticed a golden eye
  1014 | D:2      | Found a faded altar of an unknown god.
  1016 | D:2      | Noticed an eye of devastation
  1017 | D:2      | Noticed a great orb of eyes
  1017 | D:2      | Noticed a great orb of eyes
  1030 | D:2      | Reached skill level 1 in Conjurations
  1030 | D:2      | Reached skill level 1 in Hexes
  1030 | D:2      | Reached skill level 1 in Summonings
  1030 | D:2      | Reached skill level 1 in Necromancy
  1030 | D:2      | Reached skill level 1 in Translocations
  1030 | D:2      | Reached skill level 1 in Transmutations
  1030 | D:2      | Reached skill level 1 in Fire Magic
  1030 | D:2      | Reached skill level 1 in Ice Magic
  1030 | D:2      | Reached skill level 1 in Air Magic
  1030 | D:2      | Reached skill level 1 in Earth Magic
  1030 | D:2      | Reached skill level 1 in Poison Magic
  1307 | D:2      | Noticed Natasha
  1314 | D:2      | Killed Natasha
  1315 | D:2      | Reached XP level 5. HP: 39/47 MP: 6/6
  1395 | D:2      | Noticed Sigmund
  1431 | D:2      | Killed Sigmund
  1432 | D:2      | Reached skill level 2 in Invocations
  1432 | D:2      | Reached XP level 6. HP: 22/53 MP: 6/8
  1470 | D:2      | Noticed Natasha
  1478 | D:2      | Killed Natasha
  1479 | D:2      | Reached skill level 5 in Long Blades
  1723 | D:2      | Noticed Natasha
  1728 | D:2      | Killed Natasha
  1729 | D:2      | Reached skill level 2 in Short Blades
  1729 | D:2      | Reached skill level 2 in Axes
  1729 | D:2      | Reached skill level 2 in Maces & Flails
  1729 | D:2      | Reached skill level 2 in Polearms
  1729 | D:2      | Reached skill level 2 in Staves
  1729 | D:2      | Reached skill level 2 in Slings
  1729 | D:2      | Reached skill level 2 in Bows
  1729 | D:2      | Reached skill level 2 in Crossbows
  1729 | D:2      | Reached skill level 2 in Throwing
  1729 | D:2      | Reached skill level 2 in Dodging
  1729 | D:2      | Reached skill level 2 in Stealth
  1729 | D:2      | Reached skill level 2 in Unarmed Combat
  1729 | D:2      | Reached skill level 2 in Spellcasting
  1729 | D:2      | Reached skill level 2 in Evocations
  1755 | D:2      | Found an opulent altar of Gozag.
  1801 | D:2      | Noticed Robin
  1902 | D:2      | Killed Robin
  2111 | D:3      | Found a basalt altar of Yredelemnul.
  2477 | D:3      | Reached XP level 7. HP: 59/59 MP: 10/10
  3187 | D:4      | Reached skill level 7 in Fighting
  3187 | D:4      | Reached skill level 7 in Armour
  3187 | D:4      | Reached skill level 7 in Shields
  3187 | D:4      | Reached skill level 2 in Conjurations
  3187 | D:4      | Reached skill level 2 in Hexes
  3187 | D:4      | Reached skill level 2 in Summonings
  3187 | D:4      | Reached skill level 2 in Necromancy
  3187 | D:4      | Reached skill level 2 in Translocations
  3187 | D:4      | Reached skill level 2 in Transmutations
  3187 | D:4      | Reached skill level 2 in Fire Magic
  3187 | D:4      | Reached skill level 2 in Ice Magic
  3187 | D:4      | Reached skill level 2 in Air Magic
  3187 | D:4      | Reached skill level 2 in Earth Magic
  3187 | D:4      | Reached skill level 2 in Poison Magic
  3390 | D:4      | Noticed Blork the orc
  3771 | D:4      | Reached skill level 3 in Invocations
  5047 | D:4      | Killed Blork the orc
  5134 | D:5      | Entered Level 5 of the Dungeon
  5145 | D:5      | Reached XP level 8. HP: 67/67 MP: 12/12
  5169 | D:5      | Reached skill level 3 in Short Blades
  5169 | D:5      | Reached skill level 3 in Axes
  5169 | D:5      | Reached skill level 3 in Maces & Flails
  5169 | D:5      | Reached skill level 3 in Polearms
  5169 | D:5      | Reached skill level 3 in Staves
  5169 | D:5      | Reached skill level 3 in Slings
  5169 | D:5      | Reached skill level 3 in Bows
  5169 | D:5      | Reached skill level 3 in Crossbows
  5169 | D:5      | Reached skill level 3 in Throwing
  5169 | D:5      | Reached skill level 3 in Dodging
  5169 | D:5      | Reached skill level 3 in Stealth
  5169 | D:5      | Reached skill level 3 in Unarmed Combat
  5169 | D:5      | Reached skill level 3 in Spellcasting
  5169 | D:5      | Reached skill level 3 in Evocations
  5223 | D:5      | Noticed Edmund
  5246 | D:5      | Killed Edmund
  5617 | D:5      | Found a snail-covered altar of Cheibriados.
  5901 | D:7      | Reached skill level 3 in Conjurations
  5901 | D:7      | Reached skill level 3 in Hexes
  5901 | D:7      | Reached skill level 3 in Summonings
  5901 | D:7      | Reached skill level 3 in Necromancy
  5901 | D:7      | Reached skill level 3 in Translocations
  5901 | D:7      | Reached skill level 3 in Transmutations
  5901 | D:7      | Reached skill level 3 in Fire Magic
  5901 | D:7      | Reached skill level 3 in Ice Magic
  5901 | D:7      | Reached skill level 3 in Air Magic
  5901 | D:7      | Reached skill level 3 in Earth Magic
  5901 | D:7      | Reached skill level 3 in Poison Magic
  5901 | D:7      | Reached skill level 4 in Invocations
  6002 | D:6      | Reached skill level 6 in Long Blades
  6029 | D:6      | Reached XP level 9. HP: 46/72 MP: 14/14
  6224 | D:6      | Found Soxog's Weapon Emporium.
  6272 | D:6      | Reached skill level 4 in Short Blades
  6272 | D:6      | Reached skill level 4 in Axes
  6272 | D:6      | Reached skill level 4 in Maces & Flails
  6272 | D:6      | Reached skill level 4 in Polearms
  6272 | D:6      | Reached skill level 4 in Staves
  6272 | D:6      | Reached skill level 4 in Slings
  6272 | D:6      | Reached skill level 4 in Bows
  6272 | D:6      | Reached skill level 4 in Crossbows
  6272 | D:6      | Reached skill level 4 in Throwing
  6272 | D:6      | Reached skill level 4 in Dodging
  6272 | D:6      | Reached skill level 4 in Stealth
  6272 | D:6      | Reached skill level 4 in Unarmed Combat
  6272 | D:6      | Reached skill level 4 in Spellcasting
  6272 | D:6      | Reached skill level 4 in Evocations
  6297 | D:6      | Found a sand-covered staircase.
  6383 | Ossuary  | Entered an ossuary
  7173 | D:6      | Reached skill level 8 in Fighting
  7173 | D:6      | Reached skill level 8 in Armour
  7173 | D:6      | Reached skill level 8 in Shields
  7488 | D:6      | Reached skill level 5 in Invocations
  8281 | D:7      | Reached skill level 4 in Conjurations
  8281 | D:7      | Reached skill level 4 in Hexes
  8281 | D:7      | Reached skill level 4 in Summonings
  8281 | D:7      | Reached skill level 4 in Necromancy
  8281 | D:7      | Reached skill level 4 in Translocations
  8281 | D:7      | Reached skill level 4 in Transmutations
  8281 | D:7      | Reached skill level 4 in Fire Magic
  8281 | D:7      | Reached skill level 4 in Ice Magic
  8281 | D:7      | Reached skill level 4 in Air Magic
  8281 | D:7      | Reached skill level 4 in Earth Magic
  8281 | D:7      | Reached skill level 4 in Poison Magic
  8281 | D:7      | Reached XP level 10. HP: 76/80 MP: 17/17
  8295 | D:7      | Reached skill level 5 in Short Blades
  8295 | D:7      | Reached skill level 5 in Axes
  8295 | D:7      | Reached skill level 5 in Maces & Flails
  8295 | D:7      | Reached skill level 5 in Polearms
  8295 | D:7      | Reached skill level 5 in Staves
  8295 | D:7      | Reached skill level 5 in Slings
  8295 | D:7      | Reached skill level 5 in Bows
  8295 | D:7      | Reached skill level 5 in Crossbows
  8295 | D:7      | Reached skill level 5 in Throwing
  8295 | D:7      | Reached skill level 5 in Dodging
  8295 | D:7      | Reached skill level 5 in Stealth
  8295 | D:7      | Reached skill level 5 in Unarmed Combat
  8295 | D:7      | Reached skill level 5 in Spellcasting
  8295 | D:7      | Reached skill level 5 in Evocations
  8421 | D:7      | Found a staircase to the Ecumenical Temple.
  8570 | D:7      | Reached skill level 7 in Long Blades
  8766 | Temple   | Entered the Ecumenical Temple
  9089 | Temple   | Became a worshipper of Ashenzari the Shackled
  9756 | D:8      | Identified +0 steam dragon scales
 10490 | D:8      | Reached skill level 6 in Invocations
 10834 | D:9      | Found a shimmering altar of Xom.
 11050 | D:9      | Noticed Joseph
 11069 | D:9      | Reached XP level 11. HP: 78/89 MP: 20/20
 11180 | D:9      | HP: 2/89 [Joseph/sling bullet (9)]
 11617 | D:9      | Killed Joseph
 11618 | D:9      | Reached skill level 9 in Fighting
 11618 | D:9      | Reached skill level 6 in Short Blades
 11618 | D:9      | Reached skill level 6 in Axes
 11618 | D:9      | Reached skill level 6 in Maces & Flails
 11618 | D:9      | Reached skill level 6 in Polearms
 11618 | D:9      | Reached skill level 6 in Staves
 11618 | D:9      | Reached skill level 6 in Slings
 11618 | D:9      | Reached skill level 6 in Bows
 11618 | D:9      | Reached skill level 6 in Crossbows
 11618 | D:9      | Reached skill level 6 in Throwing
 11618 | D:9      | Reached skill level 9 in Armour
 11618 | D:9      | Reached skill level 6 in Dodging
 11618 | D:9      | Reached skill level 6 in Stealth
 11618 | D:9      | Reached skill level 9 in Shields
 11618 | D:9      | Reached skill level 6 in Unarmed Combat
 11618 | D:9      | Reached skill level 6 in Spellcasting
 11618 | D:9      | Reached skill level 5 in Conjurations
 11618 | D:9      | Reached skill level 5 in Hexes
 11618 | D:9      | Reached skill level 5 in Summonings
 11618 | D:9      | Reached skill level 5 in Necromancy
 11618 | D:9      | Reached skill level 5 in Translocations
 11618 | D:9      | Reached skill level 5 in Transmutations
 11618 | D:9      | Reached skill level 5 in Fire Magic
 11618 | D:9      | Reached skill level 5 in Ice Magic
 11618 | D:9      | Reached skill level 5 in Air Magic
 11618 | D:9      | Reached skill level 5 in Earth Magic
 11618 | D:9      | Reached skill level 5 in Poison Magic
 11618 | D:9      | Reached skill level 6 in Evocations
 12039 | D:9      | Found a staircase to the Lair.
 12304 | D:10     | Entered Level 10 of the Dungeon
 12845 | D:10     | Noticed a two-headed ogre
 12852 | D:10     | Killed a two-headed ogre
 12912 | D:10     | Noticed a boulder beetle
 12937 | D:10     | Killed a boulder beetle
 12938 | D:10     | Reached skill level 7 in Invocations
 13139 | D:10     | Noticed a two-headed ogre
 13145 | D:10     | Killed a two-headed ogre
 13146 | D:10     | Reached skill level 8 in Long Blades
 13615 | D:10     | Found a portal to a secret trove of treasure.
 13991 | D:10     | Found a staircase to the Orcish Mines.
 14015 | D:10     | Reached * piety under Ashenzari
 14015 | D:10     | Identified a potion of resistance
 14921 | D:11     | Reached XP level 12. HP: 65/100 MP: 24/24
 15527 | D:11     | Reached skill level 7 in Short Blades
 15527 | D:11     | Reached skill level 7 in Axes
 15527 | D:11     | Reached skill level 7 in Maces & Flails
 15527 | D:11     | Reached skill level 7 in Polearms
 15527 | D:11     | Reached skill level 7 in Staves
 15527 | D:11     | Reached skill level 7 in Slings
 15527 | D:11     | Reached skill level 7 in Bows
 15527 | D:11     | Reached skill level 7 in Crossbows
 15527 | D:11     | Reached skill level 7 in Throwing
 15527 | D:11     | Reached skill level 7 in Dodging
 15527 | D:11     | Reached skill level 7 in Stealth
 15527 | D:11     | Reached skill level 7 in Unarmed Combat
 15527 | D:11     | Reached skill level 7 in Spellcasting
 15527 | D:11     | Reached skill level 7 in Evocations
 15703 | D:11     | Noticed Gastronok
 15720 | D:11     | Killed Gastronok
 15988 | D:11     | Reached ** piety under Ashenzari
 16054 | D:11     | Reached skill level 6 in Conjurations
 16054 | D:11     | Reached skill level 6 in Hexes
 16054 | D:11     | Reached skill level 6 in Summonings
 16054 | D:11     | Reached skill level 6 in Necromancy
 16054 | D:11     | Reached skill level 6 in Translocations
 16054 | D:11     | Reached skill level 6 in Transmutations
 16054 | D:11     | Reached skill level 6 in Fire Magic
 16054 | D:11     | Reached skill level 6 in Ice Magic
 16054 | D:11     | Reached skill level 6 in Air Magic
 16054 | D:11     | Reached skill level 6 in Earth Magic
 16054 | D:11     | Reached skill level 6 in Poison Magic
 16522 | Lair:1   | Entered Level 1 of the Lair of Beasts
 16613 | Lair:1   | Reached skill level 8 in Invocations
 17218 | Lair:1   | Reached skill level 10 in Fighting
 17218 | Lair:1   | Reached skill level 10 in Armour
 17218 | Lair:1   | Reached skill level 10 in Shields
 18065 | Lair:1   | Reached *** piety under Ashenzari
 18070 | Lair:1   | Learned a level 3 spell: Frozen Ramparts
 18073 | Lair:1   | Learned a level 2 spell: Poisonous Vapours
 18258 | Lair:2   | Noticed a death yak
 18300 | Lair:2   | Noticed a boulder beetle
 18324 | Lair:2   | Slain by a boulder beetle

Vanquished Creatures
  Gastronok (D:11)
  A boulder beetle (D:10)
  2 two-headed ogres (D:10)
  A black mamba (Lair:2)
  Joseph (D:9)
  4 komodo dragons
  2 trolls
  A polar bear (Lair:1)
  A shadow (D:11)
  2 vampires
  Sigmund (D:2)
  4 wraiths
  2 wyverns
  3 basilisks
  32 yaks
  2 steam dragons (D:8)
  11 vampire mosquitoes
  Edmund (D:5)
  4 water moccasins
  A swamp drake (D:9)
  3 black bears
  An orc warrior (D:10)
  3 sky beasts
  2 necrophages
  An ogre (D:4)
  9 centaurs
  Blork the orc (D:4)
  A kobold brigand (D:10)
  5 bullfrogs
  2 gnoll sergeants
  2 scorpions
  2 wyvern zombies
  A wyvern skeleton (D:6)
  12 wights
  5 howler monkeys (D:11)
  2 jellies
  8 hounds
  4 centaur zombies
  A bullfrog skeleton (D:4)
  6 orc priests
  2 centaur skeletons
  2 iguanas (D:6)
  14 orc wizards
  A scorpion zombie (D:3)
  Natasha (thrice) (D:2)
  A hound skeleton (D:4)
  A mummy (Ossuary)
  Robin (D:2)
  2 howler monkey zombies
  9 adders
  13 gnolls
  2 howler monkey skeletons
  A shadow imp (D:8)
  A white imp (D:6)
  An ufetubus (D:7)
  An adder zombie (D:3)
  An adder skeleton (D:5)
  2 worms (D:4)
  2 dart slugs
  29 orcs
  6 bats
  8 endoplasms
  2 giant cockroaches
  12 goblins
  11 hobgoblins
  11 jackals
  5 quokkas
  3 ball pythons
  3 frilled lizards
  4 gnoll skeletons (Ossuary)
  8 kobolds
  4 kobold skeletons (Ossuary)
  17 orc skeletons (Ossuary)
  2 quokka zombies (D:3)
  5 rats
338 creatures vanquished.

Vanquished Creatures (others)
  An adder (D:3)
  A hobgoblin (D:3)
  2 fungi
  4 plants
8 creatures vanquished.

Grand Total: 346 creatures vanquished
